 Dungeon Crawl Stone Soup version 0.29.1-4-g47bece8355 (webtiles) character file.

Game seed: 1847573914614882539

84 ChadusMaximus the Caller (level 4, -2/24 HPs)
             Began as a Deep Elf Summoner on Dec 5, 2022.
             Killed by divine providence
             ... invoked by an orc priest
              (13 damage)
             ... on level 3 of the Dungeon.
             The game lasted 00:04:29 (3230 turns).

ChadusMaximus the Caller (Deep Elf Summoner)        Turns: 3230, Time: 00:04:29

Health: -2/24      AC:  5    Str:  5    XL:     4   Next: 24%
Magic:  8/12       EV: 13    Int: 27    God:
Gold:   135        SH:  0    Dex: 15    Spells: 5/11 levels left

rFire   . . .      SeeInvis .   j - +0 club
rCold   + . .      Faith    .   (no shield)
rNeg    . . .      Spirit   .   a - +0 robe
rPois   .          Reflect  .   (no helmet)
rElec   .          Harm     .   (no cloak)
rCorr   .          Rampage  .   n - +2 pair of gloves "Qefapn" {Int+5}
Will    .....                   (no boots)
Stlth   ++........              (no amulet)
HPRegen 0.08/turn               m - ring of protection from cold
MPRegen 0.13/turn               (no ring)

@: no status effects
A: no striking features
a: no special abilities


You were on level 3 of the Dungeon.
You visited 1 branch of the dungeon, and saw 3 of its levels.

You collected 177 gold pieces.
You spent 42 gold pieces at shops.

Inventory:

Hand Weapons
 j - a +0 club (weapon)
Armour
 a - a +0 robe (worn)
 n - the +2 pair of gloves "Qefapn" (worn) {Int+5}
   (You found it on level 2 of the Dungeon)

   Int:       It affects your intelligence (+5).
Jewellery
 m - a ring of protection from cold (left hand)
Wands
 q - a wand of roots (10)
Scrolls
 c - a scroll of enchant weapon {unknown}
 i - 2 scrolls of fear {unknown}
 k - a scroll of summoning {unknown}
 l - a scroll of magic mapping {unknown}
 o - a scroll of immolation {unknown}
 p - a scroll of identify {unknown}
 s - a scroll of amnesia {unknown}
Potions
 b - a potion of magic
 d - a potion of haste {unknown}
 e - a potion of degeneration {unknown}
 f - a potion of heal wounds {unknown}
 g - a potion of ambrosia {unknown}
 h - 3 potions of curing
 r - 2 potions of flight {unknown}


   Skills:
 - Level 2.9 Dodging
 - Level 3.0 Stealth
 + Level 4.1 Spellcasting
 * Level 5.4 Summonings


You had 5 spell levels left.
You knew the following spells:

 Your Spells              Type           Power      Damage    Failure   Level
a - Summon Small Mammal   Summ           100%       N/A       1%          1
b - Call Canine Familiar  Summ           35%        N/A       2%          3
c - Call Imp              Summ           35%        N/A       1%          2

Your spell library contained the following spells:

 Spells                   Type           Power      Damage    Failure   Level
 Summon Guardian Golem    Hex/Summ       20%        N/A       8%          3
 Summon Lightning Spire   Summ/Air       20%        N/A       26%         4


Dungeon Overview and Level Annotations

Branches:
Dungeon (3/15)

Altars:

Shops:
D:1 *[


Message History

Your wolf bites the endoplasm.
The endoplasm dies!
You now have 124 gold pieces (gained 15).
r - 2 golden potions (gained 1)
You swap places.
You swap places.
You swap places.
Your wolf disappears in a puff of smoke!
You now have 135 gold pieces (gained 11).
An orc priest comes into view. It is wielding a +0 morningstar.
An orc priest is nearby!
An orc priest is nearby!
Casting: Call Canine Familiar (dangerous; 2% risk of failure)
Confirm with . or Enter, or press ? or * to list all spells.
Casting: Summon Small Mammal (safe; 1% risk of failure)
Confirm with . or Enter, or press ? or * to list all spells.
The orc priest calls down the wrath of Beogh upon you.
Beogh smites you!
Ouch! That really hurt!
Unknown command.
Casting: Call Canine Familiar (dangerous; 2% risk of failure)
Confirm with . or Enter, or press ? or * to list all spells.
You don't know that spell.
Sorry, you're not good enough to have a special ability.
Unknown command.
What are your orders? t - Shout!
Orders for allies: a - Attack new target. r - Retreat! s - Stop attacking. g - Guard the area. f - Follow me.
Anything else - Cancel.
Gang up on whom?
Press: ? - help, Dir - move target, f - orc priest
Aim: an orc priest, wielding a +0 morningstar and wearing a +0 ring mail (ally target) Attack!
Your bat closely misses the orc priest.
An orc comes into view. It is wielding a +0 dagger.
The orc priest invokes the aid of Beogh against you.
Beogh smites you!
Ouch! That really hurt!
You die...

######### #.......#
#.......#
#.......###############
##.....................#
.........######..#####.
##.......# #..#
##.......# #.@#
##.##.#### #..hb..o..
##.##.####### ##.#####o#
..#.......... ..#
##.##.####### ### ## #.#
### #.# ..# #.# #.# #.#


You could see an orc priest (ally target), an orc, a friendly wolf (summoned)
and a friendly bat (summoned).

Vanquished Creatures
  An endoplasm (D:2)
  4 hobgoblins
  A kobold (D:1)
  A ball python (D:2)
7 creatures vanquished.

Vanquished Creatures (collateral kills)
  A hound (D:3)
  An adder (D:2)
  A worm (D:2)
  A dart slug (D:1)
  2 endoplasms
  A giant cockroach (D:2)
  2 goblins
  3 hobgoblins
  3 jackals (D:1)
  A ball python (D:2)
  6 bats
  A frilled lizard (D:1)
  5 kobolds
  4 rats
32 creatures vanquished.

Grand Total: 39 creatures vanquished

Notes
Turn   | Place    | Note
-------+----------+-------------------------------------------
     0 | D:1      | ChadusMaximus the Deep Elf Summoner began the quest for the
                  | Orb.
     0 | D:1      | Reached XP level 1. HP: 10/10 MP: 6/6
   672 | D:1      | Reached XP level 2. HP: 15/15 MP: 5/8
   736 | D:1      | Found Assyas's Armour Shoppe.
  1272 | D:1      | Found Duzxibet's General Store.
  1277 | D:1      | Bought a potion of curing for 42 gold pieces
  1292 | D:1      | Found a faded altar of an unknown god.
  1870 | D:2      | Identified the +2 pair of gloves "Qefapn" {Int+5}
  1996 | D:2      | Reached XP level 3. HP: 19/19 MP: 7/10
  2000 | D:2      | Learned a level 3 spell: Call Canine Familiar
  2008 | D:2      | Learned a level 2 spell: Call Imp
  2152 | D:2      | Reached skill level 5 in Summonings
  2746 | D:3      | Reached XP level 4. HP: 20/24 MP: 12/12
  3230 | D:3      | Killed from afar by an orc priest

Illustrated notes

Levels and vault maps discovered:
D:1:      dpeg_arrival_round_b, layout_loops_ring, serial_shops, shop, shop,
          shapermc_ecumenical_altar_venn
D:2:      layout_basic
D:3:      minmay_wonky_spiral, layout_loops_ring,
          hangedman_decor_clover_reticule, uniq_sigmund

Skill      XL: |  1  2  3 |
---------------+----------+-----
Stealth        | 3 |  3.0
Summonings     | 5 |  5.4
Spellcasting   | 4 |  4.1
Dodging        | |  2.9

Action                   |  1- 3 |  4- 6 || total
-------------------------+-------+-------++-------
Melee: Unarmed           |     2 |       ||     2
       Club              |    44 |     3 ||    47
 Cast: Summon Small Mamm |    53 |     1 ||    54
       Call Canine Famil |     4 |     3 ||     7
 Stab: Distracted        |     1 |       ||     1
       Sleeping          |     1 |       ||     1
Armor: Robe              |    19 |     1 ||    20
Dodge: Dodged            |    52 |       ||    52
